 Dungeon Crawl Stone Soup version 0.27.1-34-g3ba077fa99 (webtiles) character file.

Game seed: 8612612879590752017

10 zeram the Sneak (level 2, 0/14 HPs)
             Began as a Spriggan Brigand on Jan 2, 2022.
             Slain by a jackal (2 damage)
             ... on level 1 of the Dungeon.
             The game lasted 00:00:20 (171 turns).

zeram the Sneak (Spriggan Brigand)                   Turns: 171, Time: 00:00:21

Health: 0/14       AC:  3    Str:  7    XL:     2   Next: 10%
Magic:  3/3        EV: 16    Int: 12    God:
Gold:   0          SH:  0    Dex: 16    Spells: 1/1 levels left

rFire    . . .     SeeInvis +   a - +2 dagger
rCold    . . .     Faith    .   (shield restricted)
rNeg     . . .     Spirit   .   b - +0 robe
rPois    .         Reflect  .   (helmet restricted)
rElec    .         Harm     .   c - +0 cloak
rCorr    .         Rampage  .   (gloves unavailable)
Will     .....                  (boots unavailable)
Stlth    +++.......             (no amulet)
HPRegen  0.04/turn              (no ring)
MPRegen  0.08/turn              (no ring)

@: very quick
A: very small, no large weapons, unfitting armour, see invisible, speed 3
a: no special abilities


You were on level 1 of the Dungeon.
You visited 1 branch of the dungeon, and saw 1 of its levels.

Inventory:

Hand Weapons
 a - a +2 dagger (weapon)
Missiles
 d - 8 poisoned darts (quivered)
 e - 2 curare-tipped darts
Armour
 b - a +0 robe (worn)
 c - a +0 cloak (worn)


   Skills:
 - Level 1.5 Fighting
 - Level 2.1 Short Blades
 - Level 2.0 Throwing
 - Level 1.3 Dodging
 + Level 6.7 Stealth


You had one spell level left.
You didn't know any spells.
Your spell library was empty.

Dungeon Overview and Level Annotations

Branches:
Dungeon (1/15)

Altars:


Innate Abilities, Weirdness & Mutations

You are very small and have problems with some larger weapons.
You are too small for most types of armour.
You have supernaturally acute eyesight. (SInv)
You cover ground extremely quickly. (Speed+++)


Message History

The jackal bites you but does no damage.
You hit the jackal.
The jackal is moderately wounded.
The jackal bites you. x2; The jackal closely misses you.
You hit the jackal.
The jackal is heavily wounded.
The jackal closely misses you. The jackal misses you.
You closely miss the jackal.
The jackal is heavily wounded.
The jackal barely misses you. The jackal bites you. x2
You hit the jackal but do no damage.
The jackal is heavily wounded.
The jackal completely misses you. The jackal barely misses you.
You hit the jackal.
The jackal is severely wounded.
The jackal barely misses you. x2; The jackal completely misses you.
You hit the jackal.
You kill the jackal!
The jackal barely misses you.
You see here a jackal corpse.
You hit the jackal.
The jackal is moderately wounded.
The jackal closely misses you.
You closely miss the jackal.
The jackal is moderately wounded.
The jackal closely misses you. The jackal bites you.
* * * LOW HITPOINT WARNING * * *
You closely miss the jackal.
The jackal is moderately wounded.
The jackal misses you.
You barely miss the jackal.
The jackal is moderately wounded.
The jackal misses you.
You hit the jackal.
The jackal is severely wounded.
The jackal barely misses you.
You barely miss the jackal.
The jackal is severely wounded.
The jackal bites you.
You die...

### ##.#≈.≈...≈.≈#.##.###
#.###.#..≈.≈.≈.≈..#.#.###
...##.#...≈.≈†≈...#.....#
......#...≈≈.≈≈...#.###.#
...##.#...≈≈_≈≈...#.# #.#
#.###.#..≈.≈≈≈.≈..#.###.#
...###.#≈≈≈≈.≈≈≈≈#......#
##...##.#..≈.≈..#.#####.#
###..###.#.≈.≈.#@## #.#
#....# #.##.##h## #.#
#.#### #...wh## #.# #..#
##..### #.# ##.# #.. #.#
...# #.. ..# #### ## # #


You could see a dart slug and 2 jackals.

Vanquished Creatures
  A dart slug (D:1)
  2 endoplasms (D:1)
  2 jackals (D:1)
  A quokka (D:1)
  A ball python (D:1)
7 creatures vanquished.

Notes
Turn   | Place    | Note
-------+----------+-------------------------------------------
     0 | D:1      | zeram the Spriggan Brigand began the quest for the Orb.
     0 | D:1      | Reached XP level 1. HP: 10/10 MP: 2/2
    34 | D:1      | Found a faded altar of an unknown god.
    44 | D:1      | Reached skill level 6 in Stealth
   157 | D:1      | Reached XP level 2. HP: 13/14 MP: 3/3
   171 | D:1      | Slain by a jackal

Illustrated notes

Levels and vault maps discovered:
D:1:      psy_arrival_radial01, layout_loops_corners,
          shapermc_ecumenical_altar_starsandcircs

Skill      XL: |  1 |
---------------+----+-----
Stealth        | 6 |  6.7
Fighting       | |  1.5
Short Blades   | |  2.1
Throwing       | |  2.0
Dodging        | |  1.3

Action                   || total
-------------------------++-------
Melee: Dagger            ||    35
 Stab: Sleeping          ||     2
Armor: Robe              ||     4
Dodge: Dodged            ||    32
